 Dungeon Crawl Stone Soup version 0.24.0-28-g17ded55e90 (webtiles) character file.

Game seed: 1497147895756474716, levelgen mode: deterministic

48 Curus the Cudgeler (level 3, -5/31 HPs)
             Began as a Minotaur Abyssal Knight on Nov 12, 2019.
             Was a Follower of Lugonu.
             Slain by Natasha (6 damage)
             ... on level 2 of the Dungeon.
             The game lasted 00:05:01 (1020 turns).

Curus the Cudgeler (Minotaur Abyssal Knight)        Turns: 1020, Time: 00:05:02

Health: -5/31      AC:  4    Str: 16    XL:     3   Next: 50%
Magic:  4/4        EV: 11    Int:  9    God:    Lugonu [*.....]
Gold:   52         SH:  0    Dex: 10    Spells: 2/2 levels left

rFire    . . .     SeeInvis .   a - +1 mace
rCold    . . .     Gourm    .   (no shield)
rNeg     . . .     Faith    .   b - +0 leather armour
rPois    .         Spirit   .   (helmet restricted)
rElec    .         Reflect  .   (no cloak)
rCorr    .         Harm     .   (no gloves)
MR       .....                  d - +0 pair of boots
Stlth    +.........             (no amulet)
HPRegen  0.10/turn              (no ring)
MPRegen  0.09/turn              (no ring)

@: no status effects
A: retaliatory headbutt, horns 2
a: Depart the Abyss, Renounce Religion


You were on level 2 of the Dungeon.
You worshipped Lugonu.
Lugonu was aware of your devotion.
You were not hungry.

You visited 1 branch of the dungeon, and saw 2 of its levels.
You visited the Abyss 1 time.

You collected 52 gold pieces.

Inventory:

Hand Weapons
 a - a +1 mace (weapon)
Armour
 b - a +0 leather armour (worn)
 d - a +0 pair of boots (worn)
Scrolls
 g - 2 scrolls of noise
Potions
 e - a potion of brilliance
 f - a potion of resistance
Comestibles
 c - 2 rations


   Skills:
 - Level 3.6 Fighting
 + Level 3.8 Maces & Flails
 - Level 2.4 Armour
 - Level 1.1 Dodging
 + Level 3.0 Invocations


You had 2 spell levels left.
You didn't know any spells.
Your spell library was empty.

Dungeon Overview and Level Annotations

Branches:
Dungeon (2/15)

Altars:

Annotations:
D:2 Natasha


Innate Abilities, Weirdness & Mutations

You reflexively headbutt those who attack you in melee.
You have a pair of horns on your head.


Message History

Natasha seems to grow stronger.
You barely miss Natasha. Your headbutt misses Natasha.
Natasha mumbles some strange words.
You barely miss Natasha. Natasha completely misses you.
You furiously retaliate!
You headbutt Natasha. Natasha claws you.
You barely miss Natasha.
Natasha is lightly wounded.
Natasha claws you!
* * * LOW HITPOINT WARNING * * *
You hit Natasha.
Natasha is moderately wounded.
The crimson imp blinks!
Natasha claws you.
* * * LOW HITPOINT WARNING * * *
You closely miss Natasha.
Natasha is moderately wounded.
Natasha claws you but does no damage.
You hit Natasha. Your headbutt misses Natasha.
Natasha is severely wounded.
Natasha claws you.
You die...

#
########..###
#(...@h5.5...
#.###########
#.# #.# #.#
#.# #.#
#.###########
#...........#


You could see an iron imp, Natasha and a crimson imp.

Vanquished Creatures
  Natasha (D:2)
  An adder (D:2)
  3 goblins (D:1)
  3 hobgoblins
  2 bats (D:1)
  2 kobolds (D:1)
  3 rats
15 creatures vanquished.

Notes
Turn   | Place    | Note
-------+----------+-------------------------------------------
     0 | Abyss:1  | Curus the Minotaur Abyssal Knight began the quest for the
                  | Orb.
     0 | Abyss:1  | Reached XP level 1. HP: 19/19 MP: 1/1
     8 | Abyss:1  | Found a corrupted altar of Lugonu.
    27 | Abyss:1  | Noticed a tentacled starspawn
    28 | D:1      | Escaped the Abyss
   174 | D:1      | Reached XP level 2. HP: 25/26 MP: 2/2
   363 | D:1      | Reached * piety under Lugonu
   663 | D:2      | Noticed Natasha
   670 | D:2      | Killed Natasha
   670 | D:2      | Reached XP level 3. HP: 6/31 MP: 2/4
   673 | D:2      | HP: 1/31 [hobgoblin/+0 club (4)]
  1010 | D:2      | Noticed Natasha
  1018 | D:2      | HP: 1/31 [Natasha (2)]
  1020 | D:2      | Slain by Natasha

Levels and vault maps discovered:
D:1:      saegor_arrival_simple_e, layout_loops_ring, wad_floor_pattern_1
D:2:      layout_loops_ring, trog_hazing_becter, uniq_jessica,
          uniq_crazy_yiuf_cottage, uniq_robin, uniq_natasha

Skill      XL: |  1  2  3 |
---------------+----------+-----
Invocations    | 2 3 |  3.0
Maces & Flails | 3 |  3.8
Fighting       | |  3.6
Armour         | |  2.4
Dodging        | |  1.1

Action                   || total
-------------------------++-------
Melee: Mace              ||    39
       Headbutt          ||     4
Invok: Depart the Abyss  ||     1
  Use: Scroll            ||     4
       Potion            ||     3
Armor: Leather armour    ||     3
Dodge: Dodged            ||    13
